General information
- name: BNet
- type: Ladder team game (AT/RT)
- host: Battle.net
- saver: FlakJacket
map: DragonFalls
- players: 8
- length: 22:00
- speed: Fast
- version: 1.28 W3XP
- replay type: Public
» download(215 KB)
Players
team 1 (loser)

»
2thache (
yellow | 52 APM | 1154 actions | 21:59)
6 Death Knight
3 Death Coil
2 Unholy Aura
1 Animate Dead
3 Lich
2 Frost Nova
1 Dark Ritual
» actions
| Basic commands | 27 | |
| Build / train | 78 | |
| Enter build submenu | 22 | |
| Enter hero's abilities submenu | 9 | |
| Give item / drop item | 5 | |
| Remove unit from queue | 2 | |
| Right click | 612 | |
| Select / deselect | 336 | |
| Use ability | 62 | |
1154 total
» units
| Acolyte | 7 | |
| Ghoul | 3 | |
| Crypt Fiend | 4 | |
| Goblin Shredder | 2 | |
| Satyr Shadowdancer | 1 | |
| Furbolg Shaman | 1 | |
| Gargoyle | 2 | |
| Green Dragon Whelp | 3 | |
| Green Drake | 2 | |
| Frost Wyrm | 10 | |
35 total
» upgrades
| Creature Attack | 2 | |
| Creature Carapace | 2 | |
| Web | 1 | |
| Freezing Breath | 1 | |
6 total
» buildings
| Graveyard | 1 | |
| Crypt | 1 | |
| Ziggurat | 8 | |
| Altar of Darkness | 1 | |
| Tomb of Relics | 1 | |
| Nerubian Tower | 5 | |
| Halls of the Dead | 1 | |
| Necropolis | 1 | |
| Black Citadel | 1 | |
| Sacrificial Pit | 1 | |
| Boneyard | 3 | |
24 total
» build order
00:18 Graveyard
00:25 Crypt
00:45 Ziggurat
01:06 Altar of Darkness
01:17 Ziggurat
01:54 Tomb of Relics
02:04 Nerubian Tower
02:04 Nerubian Tower
04:33 Ziggurat
05:14 Halls of the Dead
05:33 Necropolis
07:04 Ziggurat
07:06 Ziggurat
07:10 Ziggurat
08:27 Black Citadel
09:01 Sacrificial Pit
09:34 Ziggurat
09:35 Ziggurat
10:53 Boneyard
10:55 Boneyard
11:01 Boneyard
13:52 Nerubian Tower
13:54 Nerubian Tower
15:38 Nerubian Tower
» items
| Rod of Necromancy | 3 | |
| Periapt of Vitality | 2 | |
| Potion of Healing | 5 | |
| Potion of Mana | 2 | |
| Boots of Speed | 1 | |
| Orb of Corruption | 1 | |
| Scroll of Town Portal | 2 | |
| Scroll of Healing | 1 | |
17 total
headbandkush (
blue | 45 APM | 971 actions | 21:32)
5 Mountain King
3 Storm Bolt
2 Bash
» actions
| Assign group hotkey | 4 | |
| Build / train | 67 | |
| Enter build submenu | 34 | |
| Enter hero's abilities submenu | 5 | |
| Right click | 425 | |
| Select / deselect | 394 | |
| Select group hotkey | 2 | |
| Use ability | 40 | |
971 total
» units
| Peasant | 13 | |
| Rifleman | 8 | |
| Mortar Team | 2 | |
| Siege Engine | 11 | |
| Knight | 4 | |
38 total
» upgrades
| Gunpowder | 3 | |
| Masonry | 3 | |
| Armor | 1 | |
| Lumber Harvesting | 2 | |
| Long Rifles | 1 | |
| Barrage | 1 | |
11 total
» buildings
| Barracks | 1 | |
| Blacksmith | 1 | |
| Altar of Kings | 1 | |
| Farm | 10 | |
| Lumber Mill | 2 | |
| Scout Tower | 9 | |
| Arcane Vault | 1 | |
| Arcane Tower | 1 | |
| Guard Tower | 5 | |
| Town Hall | 1 | |
| Keep | 1 | |
| Workshop | 3 | |
| Castle | 1 | |
37 total
» build order
01:05 Barracks
01:09 Blacksmith
01:12 Altar of Kings
01:59 Farm
02:18 Lumber Mill
02:25 Scout Tower
02:32 Arcane Vault
02:39 Farm
02:59 Arcane Tower
03:02 Scout Tower
03:24 Farm
03:34 Guard Tower
03:38 Scout Tower
04:04 Farm
04:13 Guard Tower
05:32 Farm
06:34 Town Hall
06:37 Scout Tower
06:39 Scout Tower
06:46 Keep
07:09 Guard Tower
07:10 Scout Tower
07:11 Scout Tower
07:42 Guard Tower
07:43 Scout Tower
07:46 Scout Tower
08:26 Guard Tower
09:19 Workshop
09:19 Workshop
09:31 Castle
13:22 Farm
13:43 Workshop
14:37 Farm
15:03 Farm
15:56 Farm
17:35 Farm
21:16 Lumber Mill
» items
| Scroll of Regeneration | 1 | |
| Scroll of Town Portal | 1 | |
| Orb of Fire | 1 | |
| Potion of Healing | 1 | |
4 total

»
finest.shadow (
orange | 37 APM | 804 actions | 21:45)
4 Blademaster
2 Critical Strike
2 Wind Walk
» actions
| Build / train | 53 | |
| Enter build submenu | 36 | |
| Enter hero's abilities submenu | 5 | |
| Give item / drop item | 2 | |
| Right click | 407 | |
| Select / deselect | 250 | |
| Use ability | 50 | |
804 total
» units
| Peon | 18 | |
| Grunt | 13 | |
| Shaman | 3 | |
| Tauren | 1 | |
35 total
» upgrades
| Melee Weapons | 3 | |
| Berserker Strength | 1 | |
| Shaman Training | 2 | |
| Armor | 2 | |
8 total
» buildings
| Orc Burrow | 12 | |
| Altar of Storms | 2 | |
| Barracks | 1 | |
| Voodoo Lounge | 1 | |
| War Mill | 1 | |
| Stronghold | 1 | |
| Spirit Lodge | 1 | |
| Great Hall | 2 | |
| Watch Tower | 5 | |
| Fortress | 1 | |
| Tauren Totem | 2 | |
29 total
» build order
00:05 Orc Burrow
00:25 Altar of Storms
00:53 Barracks
01:43 Voodoo Lounge
02:09 Orc Burrow
03:18 Orc Burrow
03:25 War Mill
04:13 Orc Burrow
05:23 Orc Burrow
05:55 Stronghold
06:32 Orc Burrow
07:44 Orc Burrow
09:20 Orc Burrow
09:24 Spirit Lodge
10:31 Great Hall
11:09 Watch Tower
11:13 Fortress
11:16 Watch Tower
11:32 Watch Tower
13:05 Watch Tower
13:30 Watch Tower
13:39 Great Hall
14:16 Tauren Totem
14:21 Tauren Totem
17:56 Orc Burrow
18:09 Orc Burrow
19:31 Altar of Storms
19:34 Orc Burrow
20:36 Orc Burrow
» items
| Healing Salve | 2 | |
| Orb of Lightning | 1 | |
3 total

»
l0l1t4 (
green | 63 APM | 1369 actions | 21:48)
6 Archmage
3 Summon Water Elemental
1 Brilliance Aura
1 Blizzard
1 Mass Teleport
» actions
| Assign group hotkey | 28 | |
| Build / train | 78 | |
| ESC pressed | 2 | |
| Enter build submenu | 34 | |
| Enter hero's abilities submenu | 6 | |
| Give item / drop item | 2 | |
| Remove unit from queue | 1 | |
| Right click | 530 | |
| Select / deselect | 389 | |
| Select group hotkey | 210 | |
| Use ability | 89 | |
1369 total
» units
| Peasant | 15 | |
| Rifleman | 16 | |
| Goblin Zeppelin | 2 | |
| Goblin Sapper | 2 | |
| Goblin Shredder | 1 | |
| Mortar Team | 2 | |
| Siege Engine | 2 | |
40 total
» upgrades
| Masonry | 3 | |
| Lumber Harvesting | 2 | |
| Long Rifles | 1 | |
| Gunpowder | 2 | |
| Barrage | 1 | |
| Fragmentation Shards | 1 | |
10 total
» buildings
| Lumber Mill | 3 | |
| Blacksmith | 1 | |
| Barracks | 1 | |
| Farm | 12 | |
| Altar of Kings | 1 | |
| Scout Tower | 7 | |
| Arcane Tower | 1 | |
| Keep | 1 | |
| Arcane Vault | 1 | |
| Town Hall | 2 | |
| Guard Tower | 3 | |
| Castle | 1 | |
| Workshop | 3 | |
37 total
» build order
00:21 Lumber Mill
00:58 Blacksmith
01:02 Barracks
01:21 Farm
01:35 Altar of Kings
01:42 Farm
02:18 Farm
02:23 Scout Tower
02:51 Farm
03:15 Arcane Tower
03:53 Keep
04:06 Arcane Vault
04:58 Town Hall
05:11 Scout Tower
05:12 Scout Tower
05:15 Scout Tower
05:59 Farm
06:13 Guard Tower
06:39 Guard Tower
06:43 Farm
06:45 Farm
07:27 Scout Tower
07:28 Scout Tower
07:30 Scout Tower
08:38 Castle
08:43 Farm
09:07 Farm
10:21 Workshop
10:39 Lumber Mill
12:11 Workshop
12:18 Guard Tower
12:20 Farm
12:22 Farm
12:23 Farm
13:25 Workshop
13:48 Lumber Mill
17:54 Town Hall
» items
| Scroll of Regeneration | 3 | |
| Scroll of Town Portal | 4 | |
| Potion of Healing | 5 | |
| Orb of Fire | 2 | |
14 total
team 2 (winner)

»
Terps123 (
pink | 56 APM | 1224 actions | 21:59)
4 Far Seer
2 Feral Spirit
2 Chain Lighting
4 Shadow Hunter
2 Healing Wave
2 Serpent Ward
4 Tauren Chieftain
2 Shockwave
2 Endurance Aura
» actions
| Assign group hotkey | 28 | |
| Basic commands | 4 | |
| Build / train | 70 | |
| ESC pressed | 2 | |
| Enter build submenu | 36 | |
| Enter hero's abilities submenu | 13 | |
| Give item / drop item | 1 | |
| Remove unit from queue | 2 | |
| Right click | 322 | |
| Select / deselect | 391 | |
| Select group hotkey | 265 | |
| Use ability | 90 | |
1224 total
» units
| Peon | 15 | |
| Grunt | 7 | |
| Shaman | 3 | |
| Troll Witch Doctor | 2 | |
| Tauren | 4 | |
31 total
» upgrades
| Berserker Strength | 1 | |
| Melee Weapons | 3 | |
| Armor | 2 | |
| Shaman Training | 2 | |
| Witch Doctor Training | 2 | |
| Pulverize | 1 | |
| Reinforced Defenses | 1 | |
12 total
» buildings
| Altar of Storms | 1 | |
| Orc Burrow | 8 | |
| Barracks | 1 | |
| Voodoo Lounge | 1 | |
| Great Hall | 1 | |
| Stronghold | 1 | |
| War Mill | 1 | |
| Fortress | 1 | |
| Spirit Lodge | 2 | |
| Tauren Totem | 3 | |
| Watch Tower | 15 | |
35 total
» build order
00:18 Altar of Storms
00:25 Orc Burrow
00:41 Barracks
01:40 Orc Burrow
02:16 Orc Burrow
03:04 Voodoo Lounge
04:57 Great Hall
05:19 Stronghold
05:35 Orc Burrow
06:02 War Mill
08:01 Fortress
08:05 Spirit Lodge
08:12 Spirit Lodge
10:32 Tauren Totem
10:34 Tauren Totem
10:45 Tauren Totem
13:10 Orc Burrow
13:13 Orc Burrow
17:34 Watch Tower
17:38 Watch Tower
17:40 Watch Tower
17:42 Watch Tower
17:51 Watch Tower
17:53 Watch Tower
17:55 Watch Tower
17:59 Watch Tower
18:11 Watch Tower
18:49 Watch Tower
18:51 Watch Tower
18:55 Watch Tower
18:57 Watch Tower
19:10 Watch Tower
19:12 Watch Tower
19:15 Orc Burrow
20:15 Orc Burrow
» items
| Healing Salve | 3 | |
| Scroll of Speed | 2 | |
| Scroll of Town Portal | 1 | |
| Orb of Lightning | 1 | |
7 total
FlakJacket (
teal | 79 APM | 1728 actions | 22:00)
7 Archmage
3 Summon Water Elemental
3 Brilliance Aura
1 Mass Teleport
» actions
| Assign group hotkey | 41 | |
| Basic commands | 35 | |
| Build / train | 70 | |
| Enter build submenu | 39 | |
| Enter hero's abilities submenu | 7 | |
| Give item / drop item | 1 | |
| Remove unit from queue | 1 | |
| Right click | 679 | |
| Select / deselect | 375 | |
| Select group hotkey | 383 | |
| Use ability | 97 | |
1728 total
» units
| Peasant | 12 | |
| Footman | 4 | |
| Goblin Shredder | 1 | |
| Goblin Zeppelin | 2 | |
| Gryphon Rider | 6 | |
| Goblin Sapper | 3 | |
| Green Dragon | 1 | |
| Dragonhawk Rider | 3 | |
32 total
» upgrades
| Masonry | 3 | |
| Animal War Training | 1 | |
| Storm Hammers | 1 | |
| Swords | 3 | |
| Armor | 3 | |
| Cloud | 1 | |
12 total
» buildings
| Altar of Kings | 1 | |
| Barracks | 1 | |
| Farm | 12 | |
| Lumber Mill | 1 | |
| Keep | 1 | |
| Arcane Vault | 2 | |
| Town Hall | 1 | |
| Scout Tower | 15 | |
| Guard Tower | 4 | |
| Castle | 1 | |
| Gryphon Aviary | 4 | |
| Blacksmith | 2 | |
45 total
» build order
00:51 Altar of Kings
00:52 Barracks
00:53 Farm
00:54 Farm
01:00 Farm
01:04 Farm
01:33 Farm
02:18 Lumber Mill
03:38 Keep
04:20 Arcane Vault
04:24 Town Hall
04:27 Scout Tower
04:27 Scout Tower
04:28 Scout Tower
04:29 Scout Tower
05:42 Guard Tower
07:02 Castle
07:38 Farm
08:01 Gryphon Aviary
08:03 Gryphon Aviary
08:21 Gryphon Aviary
08:22 Gryphon Aviary
08:36 Arcane Vault
08:53 Blacksmith
08:56 Blacksmith
10:40 Scout Tower
11:07 Scout Tower
11:07 Scout Tower
11:07 Scout Tower
11:07 Scout Tower
11:08 Scout Tower
11:24 Scout Tower
11:36 Guard Tower
11:38 Guard Tower
11:40 Scout Tower
11:40 Scout Tower
11:41 Scout Tower
11:42 Scout Tower
13:28 Guard Tower
13:29 Farm
13:29 Farm
18:08 Farm
18:08 Farm
18:09 Farm
18:09 Farm
» items
| Mechanical Critter | 3 | |
| Scroll of Town Portal | 4 | |
| Anti-magic Potion | 1 | |
| Potion of Healing | 1 | |
| Scroll of Regeneration | 1 | |
| Staff of Sanctuary | 1 | |
11 total
Siledetangvil (
red | 48 APM | 1048 actions | 21:59)
6 Keeper of the Grove
3 Entangling Roots
2 Force of Nature
1 Tranquility
5 Priestess of the Moon
2 Scout
3 Trueshot Aura
» actions
| Assign group hotkey | 22 | |
| Basic commands | 56 | |
| Build / train | 79 | |
| Enter build submenu | 21 | |
| Enter hero's abilities submenu | 12 | |
| Give item / drop item | 6 | |
| Remove unit from queue | 1 | |
| Right click | 228 | |
| Select / deselect | 213 | |
| Select group hotkey | 320 | |
| Use ability | 90 | |
1048 total
» units
| Wisp | 23 | |
| Archer | 15 | |
| Dryad | 2 | |
| Druid of the Claw | 5 | |
45 total
» upgrades
| Improved Bows | 1 | |
| Strength of the Moon | 3 | |
| Ultravision | 1 | |
| Abolish Magic | 1 | |
| Druid of the Claw Training | 2 | |
| Marksmanship | 1 | |
| Moon Armor | 1 | |
| Well Spring | 1 | |
| Mark of the Claw | 1 | |
| Nature's Blessing | 1 | |
13 total
» buildings
| Moon Well | 8 | |
| Altar of Elders | 1 | |
| Ancient of War | 4 | |
| Tree of Ages | 1 | |
| Hunter's Hall | 1 | |
| Ancient of Wonders | 2 | |
| Tree of Eternity | 1 | |
| Ancient of Lore | 3 | |
| Ancient Protector | 5 | |
26 total
» build order
00:20 Moon Well
00:32 Altar of Elders
01:15 Ancient of War
01:30 Moon Well
01:57 Moon Well
03:03 Tree of Ages
03:51 Hunter's Hall
04:00 Ancient of Wonders
05:28 Tree of Eternity
06:04 Ancient of Lore
06:06 Ancient of Lore
07:02 Moon Well
07:06 Moon Well
09:03 Ancient of War
13:21 Ancient Protector
13:22 Ancient Protector
13:23 Ancient Protector
13:23 Ancient Protector
13:27 Ancient Protector
17:45 Moon Well
17:45 Moon Well
17:46 Moon Well
19:18 Ancient of War
19:20 Ancient of Lore
19:53 Ancient of Wonders
21:17 Ancient of War
» items
| Orb of Venom | 2 | |
| Scroll of Town Portal | 2 | |
| Scroll of Speed | 1 | |
5 total

»
ehrdbehrbowle (
purple | 40 APM | 889 actions | 21:59)
4 Lich
2 Frost Nova
2 Frost Armor
» actions
| Assign group hotkey | 23 | |
| Basic commands | 52 | |
| Build / train | 61 | |
| ESC pressed | 1 | |
| Enter build submenu | 26 | |
| Enter hero's abilities submenu | 4 | |
| Remove unit from queue | 1 | |
| Right click | 277 | |
| Select / deselect | 321 | |
| Select group hotkey | 46 | |
| Use ability | 77 | |
889 total
» units
| Acolyte | 6 | |
| Ghoul | 10 | |
| Crypt Fiend | 3 | |
| Meatwagon | 2 | |
| Necromancer | 6 | |
| Goblin Zeppelin | 1 | |
| Obsidian Statue | 2 | |
30 total
» upgrades
| Unholy Armor | 2 | |
| Unholy Strength | 3 | |
| Cannibalize | 1 | |
| Backpack | 1 | |
| Web | 1 | |
| Skeletal Longevity | 1 | |
| Necromancer Training | 1 | |
| Exhume Corpses | 1 | |
| Skeletal Mastery | 1 | |
12 total
» buildings
| Altar of Darkness | 2 | |
| Crypt | 1 | |
| Ziggurat | 6 | |
| Tomb of Relics | 5 | |
| Graveyard | 2 | |
| Nerubian Tower | 1 | |
| Halls of the Dead | 1 | |
| Spirit Tower | 3 | |
| Slaughterhouse | 1 | |
| Temple of the Damned | 2 | |
| Black Citadel | 2 | |
| Necropolis | 2 | |
28 total
» build order
00:06 Altar of Darkness
00:17 Crypt
00:39 Ziggurat
01:19 Tomb of Relics
01:46 Graveyard
02:28 Ziggurat
02:32 Nerubian Tower
02:57 Halls of the Dead
04:16 Ziggurat
04:23 Spirit Tower
05:36 Graveyard
05:58 Slaughterhouse
06:00 Temple of the Damned
06:03 Temple of the Damned
06:09 Spirit Tower
06:57 Ziggurat
10:20 Ziggurat
10:37 Black Citadel
11:55 Spirit Tower
13:48 Black Citadel
15:16 Tomb of Relics
15:18 Tomb of Relics
15:21 Tomb of Relics
16:35 Necropolis
17:48 Necropolis
20:59 Ziggurat
21:02 Altar of Darkness
21:04 Tomb of Relics
» items
| Rod of Necromancy | 1 | |
| Sacrificial Skull | 2 | |
| Dust of Appearance | 1 | |
| Lesser Clarity Potion | 2 | |
6 total
Chat log
(01:49 / Allies) Terps123: hey guys
(01:58 / Allies) Terps123: im going to go melee and shams/docs
(02:07 / Allies) ehrdbehrbowle: cool
(02:12 / Allies) ehrdbehrbowle: lich hero
(04:33 / Allies) ehrdbehrbowle: dibs on teh undead stuff
(04:34 / Allies) ehrdbehrbowle: lol
(04:37 / Allies) ehrdbehrbowle: w/e u can have
(04:45 / Allies) ehrdbehrbowle: u take that voodoo shit
(04:46 / Allies) ehrdbehrbowle: lol
(08:48 / Allies) ehrdbehrbowle: kk
(09:32 / Allies) FlakJacket: help
(09:52 / Allies) FlakJacket: Ty
(10:01 / Allies) ehrdbehrbowle: yellow headed east
(10:47 / Allies) FlakJacket: umber?
(11:00 / Allies) Terps123: wood?
(11:25 / Allies) ehrdbehrbowle: gimmea repair teal
(11:32 / Allies) FlakJacket: fuck they got dragon
(11:43 / Allies) Terps123: help
(13:01 / Allies) Siledetangvil: thx
(14:00 / Allies) Terps123: archer
(14:32 / Allies) FlakJacket: b
(15:37 / Allies) Terps123: anyone need gold
(16:08 / Allies) Terps123: should we attack?
(16:19 / Allies) FlakJacket: tp to red
(16:27 / Allies) Terps123: i will when hes there
(17:44 / Allies) FlakJacket: upgarde buildings pink
(17:48 / Allies) Terps123: on it
(18:05 / Allies) ehrdbehrbowle: frosties mortars n rifles
(18:06 / Allies) ehrdbehrbowle: at my base
(18:25 / Allies) Terps123: get main
(18:27 / Allies) ehrdbehrbowle: got an acolyte out, makin necropolis in teals
(19:04 / Allies) FlakJacket: tp to pink
(19:05 / Allies) FlakJacket: when they attack
(19:07 / Allies) FlakJacket: all got tpS?
(19:14 / Allies) Siledetangvil: i have no tp
(20:31 / Allies) FlakJacket: need raider
(20:33 / Allies) FlakJacket: b
(21:37 / All) FlakJacket: 2thache aint shit
(21:45 / All) 2thache: guess not
(21:55 / Allies) FlakJacket: hall blue
(21:56 / All) 2thache: no idea wht green did